 Dungeon Crawl Stone Soup version 0.27.1-3-gb3d3a73c9e (webtiles) character file.

Game seed: 13934230997117581973

33 Descartes the Shooter (level 3, -2/22 HPs)
             Began as a Deep Elf Wanderer on Oct 8, 2021.
             Slain by Terence (3 damage)
             ... on level 1 of the Dungeon.
             The game lasted 00:04:11 (1086 turns).

Descartes the Shooter (Deep Elf Wanderer)           Turns: 1086, Time: 00:04:11

Health: -2/22      AC:  4    Str:  8 (10) XL:     3   Next: 12%
Magic:  0/9        EV: 11    Int: 13 (15) God:
Gold:   29         SH:  0    Dex: 13 (15) Spells: 5/8 levels left

rFire    . . .     SeeInvis .   a - +2 shortbow
rCold    . . .     Faith    .   (shield currently unavailable)
rNeg     . . .     Spirit   .   d - +0 robe
rPois    .         Reflect  .   (no helmet)
rElec    .         Harm     .   j - +1 cloak
rCorr    .         Rampage  .   (no gloves)
Will     .....                  (no boots)
Stlth    ++........             (no amulet)
HPRegen  0.07/turn              (no ring)
MPRegen  0.11/turn              (no ring)

@: very slightly contaminated
A: claws 1, hooves 1, wild magic 1
a: no special abilities


You were on level 1 of the Dungeon.
You visited 1 branch of the dungeon, and saw 2 of its levels.

You collected 29 gold pieces.

Inventory:

Hand Weapons
 a - a +2 shortbow (weapon)
 m - a +1 vampiric short sword
Missiles
 b - 5 arrows (quivered ammo)
 f - 24 stones
Armour
 d - a +0 robe (worn)
 j - a +1 cloak (worn)
Scrolls
 i - a scroll of amnesia
Potions
 c - 2 potions of curing
 e - a potion of heal wounds


   Skills:
 - Level 2.4 Fighting
 + Level 3.2 Bows
 - Level 1.0 Throwing
 + Level 1.1 Dodging
 + Level 1.4 Stealth
 - Level 1.0 Shields
 - Level 3.0 Spellcasting
 + Level 1.7 Translocations
 + Level 0.6 Air Magic
 + Level 0.8 Earth Magic


You had 5 spell levels left.
You knew the following spells:

 Your Spells              Type           Power      Damage    Failure   Level
a - Apportation           Tloc           16%        N/A       16%         1
b - Sandblast             Erth           10%        2d5       24%         1
c - Shock                 Conj/Air       12%        1d3       28%         1

Your spell library contained the following spells:

 Spells                   Type           Power      Damage    Failure   Level
 Passwall                 Tmut/Erth      2%         N/A       38%         2
 Teleport Other           Tloc           8%         N/A       41%         3
 Swiftness                Air            4%         N/A       56%         3
 Airstrike                Air            2%         N/A       91%         4
 Lee's Rapid Deconstruct  Erth           2%         3d6*      99%         5


Dungeon Overview and Level Annotations

Branches:
Dungeon (2/15)

Altars:

Shops:
D:2 (

Annotations:
D:1 Terence


Innate Abilities, Weirdness & Mutations

You have sharp fingernails.
You have large cloven feet.
Your spells are a little harder to cast, but a little more powerful.


Message History

Confirm with . or Enter, or press ? or * to list all spells.
Aiming: Sandblast (safe; 24% risk of failure)
Press: ? - help, Shift-Dir - straight line, f/p - Terence
Aim: Terence, wielding a +0 falchion and wearing a +0 chain mail (lightly wounded, 84% to hit)
You miscast Sandblast.
Nothing appears to happen.
Terence closely misses you.
Casting: Sandblast (safe; 24% risk of failure)
Confirm with . or Enter, or press ? or * to list all spells.
Aiming: Sandblast (safe; 24% risk of failure)
Press: ? - help, Shift-Dir - straight line, f/p - Terence
Aim: Terence, wielding a +0 falchion and wearing a +0 chain mail (lightly wounded, 84% to hit)
You miscast Sandblast.
Nothing appears to happen.
Terence hits you with a +0 falchion.
* * * LOW HITPOINT WARNING * * *
You are too injured to fight recklessly!
Fire: 9 arrows
Press: ? - help, Q - select action, (/) - cycle Shift-Dir - straight line, f/p - Terence
Aim: Terence, wielding a +0 falchion and wearing a +0 chain mail (lightly wounded, 69% to hit)
You shoot an arrow. The arrow closely misses Terence.
Terence hits you with a +0 falchion.
* * * LOW HITPOINT WARNING * * *
Fire: 8 arrows
Press: ? - help, Q - select action, (/) - cycle Shift-Dir - straight line, f/p - Terence
Aim: Terence, wielding a +0 falchion and wearing a +0 chain mail (lightly wounded, 69% to hit)
You shoot an arrow. The arrow closely misses Terence.
Terence closely misses you.
Fire: 7 arrows
Press: ? - help, Q - select action, (/) - cycle Shift-Dir - straight line, f/p - Terence
Aim: Terence, wielding a +0 falchion and wearing a +0 chain mail (lightly wounded, 69% to hit)
You shoot an arrow. The arrow hits Terence.
Terence is moderately wounded.
Terence barely misses you.
Fire: 6 arrows
Press: ? - help, Q - select action, (/) - cycle Shift-Dir - straight line, f/p - Terence
Aim: Terence, wielding a +0 falchion and wearing a +0 chain mail (moderately wounded, 69% to hit)
Marked for pickup.
You shoot an arrow.
The arrow hits Terence but does no damage.
Terence is moderately wounded.
Terence hits you with a +0 falchion.
You die...

..#........##....#
≈..........##....#
≈≈≈≈≈....######.##
≈≈≈≈≈≈≈≈...## #..#
≈≈≈≈≈≈≈≈≈≈..####.#
≈≈≈≈≈≈≈≈≈≈≈..###.#
#≈≈≈≈≈≈≈≈≈≈≈..##.#
#≈≈≈≈≈≈≈≈≈≈≈≈..#.##
#≈≈≈≈≈≈≈≈≈≈≈≈≈..@.#
#≈≈≈≈≈≈≈≈≈≈≈≈≈≈.#@#
#≈≈≈≈≈≈≈≈≈≈≈≈≈≈...#
≈≈≈≈≈≈≈≈≈≈≈≈≈≈≈≈..##
≈≈≈≈≈≈≈≈≈≈≈≈≈≈≈≈...#
≈≈≈≈≈≈#####≈≈≈≈≈.#.#
≈≈≈≈≈##...##≈≈≈≈...#
.≈≈≈.#.....#≈≈≈≈≈..#
.....'...>.#≈≈≈≈≈..#


You could see Terence.

Vanquished Creatures
  An adder (D:2)
  3 ball pythons (D:2)
  4 bats (D:1)
  An endoplasm (D:2)
  A giant cockroach (D:1)
  A hobgoblin (D:1)
  4 jackals (D:1)
  2 kobolds
  2 quokkas (D:2)
  A frilled lizard (D:1)
  A goblin (D:2)
  A rat (D:1)
22 creatures vanquished.

Notes
Turn   | Place    | Note
-------+----------+-------------------------------------------
     0 | D:1      | Descartes the Deep Elf Wanderer began the quest for the
                  | Orb.
     0 | D:1      | Descartes set off with the following items: a +2 shortbow,
                  | 26 arrows, a potion of curing, a +0 robe; and the following
                  | spell memorised: Apportation; and the following spells
                  | available to memorise: Teleport Other
     0 | D:1      | Reached XP level 1. HP: 13/13 MP: 6/6
   223 | D:1      | Learned a level 1 spell: Sandblast
   239 | D:1      | Learned a level 1 spell: Shock
   329 | D:1      | Reached XP level 2. HP: 18/18 MP: 8/8
   334 | D:1      | Reached skill level 1 in Stealth
   771 | D:2      | Reached skill level 1 in Dodging
   792 | D:2      | Reached XP level 3. HP: 22/22 MP: 9/9
   825 | D:2      | Found Fomeed's Weapon Emporium.
   837 | D:2      | Noticed Terence
  1071 | D:1      | Gained mutation: Your spells are a little harder to cast,
                  | but a little more powerful. [potion of mutation]
  1071 | D:1      | Gained mutation: You have sharp fingernails. [potion of
                  | mutation]
  1071 | D:1      | Gained mutation: You have large cloven feet. [potion of
                  | mutation]
  1083 | D:1      | HP: 1/22 [Terence (2)]
  1086 | D:1      | Slain by Terence

Illustrated notes

Levels and vault maps discovered:
D:1:      minmay_arrival_shoal_huts, layout_basic, moated_statue
D:2:      layout_basic, serial_shops, shop, uniq_terence

Skill      XL: |  1  2 |
---------------+-------+-----
Bows           | 3 |  3.2
Stealth        | 1 |  1.4
Dodging        | 1 |  1.1
Fighting       | |  2.4
Throwing       | |  1.0
Shields        | |  1.0
Spellcasting   | |  3.0
Translocations | |  1.7
Air Magic      | |  0.6
Earth Magic    | |  0.8

Action                   || total
-------------------------++-------
 Fire: Shortbow          ||    62
 Cast: Sandblast         ||     7
       Apportation       ||     1
  Use: Potion            ||     4
       Scroll            ||     2
Armor: Robe              ||     6
Dodge: Dodged            ||    16
